 Dungeon Crawl Stone Soup version 0.29.1-15-g9cfb28693d (webtiles) character file.

Game seed: 1918662940395941343

638976 yarrgle the Archmage (level 27, 0/162 HPs)
             Began as a Deep Elf Air Elementalist on Feb 26, 2023.
             Was an Elder of Sif Muna.
             Slain by a juggernaut zombie (47 damage)
             ... on level 3 of the Abyss on Mar 6, 2023.
             The game lasted 15:40:04 (81266 turns).

yarrgle the Archmage (Deep Elf Air Elementalist)   Turns: 81266, Time: 15:40:05

Health: 0/162      AC: 20    Str:  7    XL:     27
Magic:  23/56      EV: 20    Int: 40    God:    Sif Muna [****..]
Gold:   6904       SH:  6    Dex: 18    Spells: 3/80 levels left

rFire   + . .      SeeInvis +   p - +4 whip of the Invisible Xalams {vorpal, rElec rC+ Int+5}
rCold   + + +      Faith    .   Q - +2 buckler {rC+}
rNeg    + . .      Spirit   .   K - +3 faerie dragon scales {rPois rC+ Regen+ rCorr Int+2}
rPois   +          Reflect  .   h - +2 hat
rElec   +          Harm     .   T - +2 cloak {Will+}
rCorr   +          Rampage  .   m - +2 pair of gloves
Will    +++++      Clarity  +   w - +2 pair of boots {Fly}
Stlth   +++.......              C - amulet of Lelina {RegenMP rElec rF+}
HPRegen 1.17/turn               u - ring of Exomm {rN+ Will++ Dex+3}
MPRegen 0.75/turn               I - ring of see invisible

@: swift, flying, studying 2 skills, quick
A: horns 2, clarity, no potion heal 2
}: 4/15 runes: serpentine, barnacled, slimy, silver
a: Renounce Religion, Channel Magic, Forget Spell, Divine Exegesis


You were on level 3 of the Abyss.
You worshipped Sif Muna.
Sif Muna was greatly pleased with you.
You visited 13 branches of the dungeon, and saw 57 of its levels.
You visited the Abyss 1 time.
You also visited: Bailey and Ice Cave.

You collected 9007 gold pieces.
You spent 2103 gold pieces at shops.

Inventory:

Hand Weapons
 p - the +4 whip of the Invisible Xalams (weapon) {vorpal, rElec rC+ Int+5}
   (You took it off a deep elf sorcerer on level 3 of the Elven Halls)

   It inflicts extra damage upon your enemies.
   Int:       It affects your intelligence (+5).
   rC:        It protects you from cold.
   rElec:     It insulates you from electricity.
 t - the +9 rapier of the Genius {protect, *Corrode rC+ Will++ Str+4}
   (You found it on level 3 of the Snake Pit)

   It grants its wielder temporary protection when it strikes (+7 to AC).
   Str:       It affects your strength (+4).
   rC:        It protects you from cold.
   *Corrode:  It may corrode you when you take damage.
   Will:      It greatly increases your willpower.
Missiles
 z - 12 throwing nets
Armour
 a - the +1 robe "Suwk" {+Inv Archmagi}
   (You took it off a yaktaur on level 5 of the Vaults)

   +Inv:      It lets you turn invisible.
   Archmagi:  It increases the power of your magical spells.
 h - a +2 hat (worn)
 m - a +2 pair of gloves (worn)
 w - a +2 pair of boots of flying (worn)
 K - the +3 faerie dragon scales (worn) {rPois rC+ Regen+ rCorr Int+2}
   (You took it off the Enchantress on level 1 of the Depths)

   Int:       It affects your intelligence (+2).
   rC:        It protects you from cold.
   rPois:     It protects you from poison.
   Regen:     It increases your rate of health regeneration.
   rCorr:     It protects you from acid and corrosion.
 O - a scarf of repulsion
 Q - a +2 buckler of cold resistance (worn)
 T - a +2 cloak of willpower (worn)
Magical Staves
 i - a staff of conjuration
 P - a staff of death
Jewellery
 u - the ring of Exomm (left hand) {rN+ Will++ Dex+3}
   (You found it on level 3 of the Crypt)

   [ring of positive energy]

   Dex:       It affects your dexterity (+3).
   rN:        It protects you from negative energy.
   Will:      It greatly increases your willpower.
 C - the amulet of Lelina (around neck) {RegenMP rElec rF+}
   (You bought it in a shop on level 3 of the Snake Pit)

   [amulet of magic regeneration]

   It increases your rate of magic regeneration.
   rF:        It protects you from fire.
   rElec:     It insulates you from electricity.
 F - the ring of Yseoxzud {rPois Str+4 Int+4 Dex+6}
   (You found it on level 2 of the Realm of Zot)

   [ring of dexterity]

   Str:       It affects your strength (+4).
   Int:       It affects your intelligence (+4).
   Dex:       It affects your dexterity (+6).
   rPois:     It protects you from poison.
 I - a ring of see invisible (right hand)
 L - the ring "Hussoh" {rC+ Int+5 Dex+4 Stlth+}
   (You found it on level 5 of the Pits of Slime)

   [ring of protection from cold]

   Int:       It affects your intelligence (+5).
   Dex:       It affects your dexterity (+4).
   rC:        It protects you from cold.
   Stlth:     It makes you more stealthy.
Wands
 d - a wand of light (8)
 H - a wand of iceblast (45)
 W - a wand of digging (12)
Scrolls
 e - 8 scrolls of butterflies
 j - 4 scrolls of blinking
 r - 25 scrolls of teleportation
 v - 11 scrolls of fear
 y - 4 scrolls of amnesia
Potions
 b - 6 potions of magic
 c - 3 potions of cancellation
 n - a potion of brilliance
 o - 2 potions of haste
 q - a potion of invisibility
 A - 19 potions of curing
 E - 6 potions of heal wounds
 G - 7 potions of might
 V - 2 potions of resistance
 Z - 2 potions of mutation
Miscellaneous
 J - a phial of floods
 S - a phantom mirror


   Skills:
 * Level 13.9 Fighting
 * Level 17.3 Dodging
 * Level 6.2 Stealth
 O Level 27 Spellcasting
 O Level 27 Conjurations
 - Level 1.0 Hexes
 - Level 1.9 Summonings
 - Level 0.2 Translocations
 - Level 0.2 Transmutations
 * Level 24.5 Fire Magic
 - Level 2.5 Ice Magic
 - Level 19.0 Air Magic
 - Level 2.6 Earth Magic
 - Level 3.0 Poison Magic
 - Level 14.4 Invocations
 - Level 0.3 Evocations


You had 3 spell levels left.
You knew the following spells:

 Your Spells              Type           Power      Damage    Failure   Level
a - Iron Shot             Conj/Erth      53%        9d10      1%          6
b - Swiftness             Air            100%       N/A       0%          3
c - Airstrike             Air            58%        2d(9-25)  0%          4
d - Blink                 Tloc           100%       N/A       1%          2
e - Fireball              Conj/Fire      65%        3d25      0%          5
f - Fire Storm            Conj/Fire      65%        8d17      1%          9
g - Lightning Bolt        Conj/Air       63%        1d86      0%          5
h - Fulminant Prism       Conj/Hex       52%        3d23      1%          4
i - Apportation           Tloc           100%       N/A       1%          1
j - Orb of Destruction    Conj           66%        9d16      0%          7
k - Conjure Ball Lightni  Conj/Air       63%        3x3d23    0%          6
l - Iskenderun's Mystic   Conj/Tloc      100%       2d19      1%          4
m - Olgreb's Toxic Radia  Pois           68%        N/A       2%          4
n - Ignite Poison         Fire/Tmut/Pois 91%        N/A       1%          3
o - Starburst             Conj/Fire      65%        6d17      0%          6
p - Stone Arrow           Conj/Erth      100%       3d13      0%          3
q - Iskenderun's Battles  Conj           100%       2d15      0%          5

Your spell library contained the following spells:

 Spells                   Type           Power      Damage    Failure   Level
 Foxfire                  Conj/Fire      100%       2x1d9     0%          1
 Magic Dart               Conj           100%       1d8       0%          1
 Shock                    Conj/Air       100%       1d9       0%          1
 Poisonous Vapours        Pois/Air       100%       N/A       0%          2
 Scorch                   Fire           100%       2d10      0%          2
 Searing Ray              Conj           100%       2d8       0%          2
 Static Discharge         Conj/Air       100%       3-16/arc  0%          2
 Conjure Flame            Conj/Fire      100%       6-21      0%          3
 Dazzling Flash           Conj/Hex       100%       N/A       0%          3
 Inner Flame              Hex/Fire       100%       N/A       0%          3
 Mephitic Cloud           Conj/Pois/Air  100%       N/A       0%          3
 Beastly Appendage        Tmut           100%       N/A       1%          1
 Freeze                   Ice            100%       1d11      1%          1
 Necrotise                Necr           100%       1d9       1%          1
 Sandblast                Erth           100%       2d20      1%          1
 Slow                     Hex            100%       N/A       1%          1
 Sting                    Tmut/Pois      100%       1d8       1%          1
 Summon Small Mammal      Summ           100%       N/A       1%          1
 Call Imp                 Summ           63%        N/A       1%          2
 Ensorcelled Hibernation  Hex/Ice        100%       N/A       1%          2
 Passwall                 Tmut/Erth      50%        N/A       1%          2
 Sublimation of Blood     Necr           52%        N/A       1%          2
 Wereblood                Tmut           54%        N/A       1%          2
 Call Canine Familiar     Summ           63%        N/A       1%          3
 Confusing Touch          Hex            58%        N/A       1%          3
 Frozen Ramparts          Ice            100%       1d16      1%          3
 Ozocubu's Armour         Ice            65%        N/A       1%          3
 Portal Projectile        Hex/Tloc       100%       N/A       1%          3
 Spider Form              Tmut/Pois      61%        N/A       1%          3
 Summon Guardian Golem    Hex/Summ       60%        N/A       1%          3
 Tukima's Dance           Hex            58%        N/A       1%          3
 Gell's Gravitas          Tloc           54%        N/A       2%          3
 Lesser Beckoning         Tloc           54%        N/A       2%          3
 Teleport Other           Tloc           54%        N/A       2%          3
 Vampiric Draining        Necr           52%        2d9       2%          3
 Flame Wave               Conj/Fire      100%       2d21      0%          4
 Sticky Flame             Conj/Fire      100%       2d11      0%          4
 Corpse Rot               Necr/Pois/Air  85%        N/A       1%          4
 Hailstorm                Conj/Ice       100%       3d20      1%          4
 Summon Lightning Spire   Summ/Air       95%        N/A       1%          4
 Freezing Cloud           Conj/Ice/Air   55%        6-21      1%          5
 Irradiate                Conj/Tmut      52%        3d29      1%          5
 Silence                  Hex/Air        46%        N/A       1%          5
 Spellforged Servitor     Conj/Summ      53%        N/A       1%          7
 Ignition                 Fire           64%        3d17      1%          8
 Maxwell's Capacitive Co  Air            58%        ∞         2%          8
 Animate Armour           Summ/Erth      100%       N/A       3%          4
 Leda's Liquefaction      Hex/Erth       31%        N/A       3%          4
 Summon Ice Beast         Ice/Summ       64%        N/A       3%          4
 Ice Form                 Ice/Tmut       60%        N/A       4%          4
 Petrify                  Tmut/Erth      60%        N/A       4%          4
 Cause Fear               Hex            29%        N/A       5%          4
 Anguish                  Hex/Necr       27%        N/A       6%          4
 Chain Lightning          Conj/Air       63%        3d84      6%          9
 Animate Dead             Necr           52%        N/A       8%          4
 Dispel Undead            Necr           52%        3d19      8%          4
 Passage of Golubria      Tloc           54%        N/A       8%          4
 Lee's Rapid Deconstruct  Erth           33%        3d18*     8%          5
 Alistair's Intoxication  Tmut/Pois      40%        N/A       11%         5
 Metabolic Englaciation   Hex/Ice        31%        N/A       11%         5
 Summon Mana Viper        Hex/Summ       60%        N/A       12%         5
 Lehudib's Crystal Spear  Conj/Erth      53%        10d13     12%         8
 Borgnjor's Vile Clutch   Necr/Erth      29%        N/A       13%         5
 Storm Form               Tmut/Air       46%        N/A       13%         7
 Summon Forest            Summ/Tloc      29%        N/A       14%         5
 Yara's Violent Unravell  Hex/Tmut       28%        3d12      17%         5
 Blade Hands              Tmut           27%        N/A       21%         5
 Manifold Assault         Tloc           54%        N/A       21%         5
 Agony                    Necr           52%        N/A       22%         5
 Summon Cactus Giant      Summ           31%        N/A       50%         6
 Eringya's Noxious Bog    Tmut/Pois      30%        N/A       52%         6
 Statue Form              Tmut/Erth      40%        N/A       56%         6
 Simulacrum               Ice/Necr       29%        N/A       58%         6
 Dispersal                Tloc           27%        N/A       75%         6
 Death Channel            Necr           26%        N/A       77%         6
 Ozocubu's Refrigeration  Ice            32%        4d14      93%         7
 Monstrous Menagerie      Summ           31%        N/A       97%         7
 Summon Hydra             Summ           31%        N/A       97%         7
 Enfeeble                 Hex            29%        N/A       99%         7
 Haunt                    Necr/Summ      29%        N/A       99%         7
 Malign Gateway           Summ/Tloc      29%        N/A       99%         7
 Borgnjor's Revivificati  Necr           26%        N/A       100%        8
 Discord                  Hex            29%        N/A       100%        8
 Disjunction              Tloc           27%        N/A       100%        8
 Infestation              Necr           26%        N/A       100%        8
 Necromutation            Tmut/Necr      26%        N/A       100%        8
 Summon Horrible Things   Summ           31%        N/A       100%        8
 Death's Door             Necr           26%        N/A       100%        9
 Dragon's Call            Summ           31%        N/A       100%        9
 Polar Vortex             Ice            32%        N/A       100%        9


Dungeon Overview and Level Annotations

Branches:
Dungeon (15/15)            Temple (1/1) D:6            Lair (5/5) D:11
 Shoals (4/4) Lair:3        Snake (4/4) Lair:3        Slime (5/5) Lair:4
    Orc (2/2) D:10            Elf (3/3) Orc:2        Vaults (5/5) D:13
  Crypt (3/3) Vaults:2       Tomb (1/3) Crypt:3      Depths (4/4) D:15
    Zot (5/5) Depths:4     Bailey (visited)           IceCv (visited)

Altars:
Ashenzari
Cheibriados
Elyvilon
Fedhas
Gozag
Kikubaaqudgha
Makhleb
Nemelex Xobeh
Okawaru
Qazlal
Ru
Sif Muna
Trog
Uskayaw
Vehumet
Wu Jian
Xom
Yredelemnul
Zin
The Shining One
Jiyva

Shops:
D:9 (   Orc:2 =[[   Elf:2 *   Snake:3 ?!=[   Vaults:3 (   Vaults:4 =
Depths:1 *:

Portals:
Hell: Depths:1 Depths:2 Depths:3 Depths:4
Abyss: Depths:2 Depths:3 Depths:4
Pandemonium: Depths:2 Depths:4
Ziggurat: Depths:2
Trove: D:11 (give 4 scrolls of blinking)

Annotations:
D:5 Dowan, Duvessa
D:6 Maggie
D:10 exclusion: Erolcha
D:13 3 runed translucent doors, exclusion: downstairs
Shoals:3 exclusion: 2 downstairs
Snake:3 Bai Suzhen
Vaults:1 exclusion: downstairs
Vaults:2 Mennas, Zenata
Vaults:4 2 transporters, exclusions: 3 downstairs and 1 more exclusion, HilariousDeathArtist's ghost, adept CeWn
Tomb:1 exclusion: downstairs
Depths:1 exclusion: downstairs
Depths:2 exclusion: door
Depths:3 exclusion: downstairs
Zot:1 exclusion: draconian scorcher
Zot:3 exclusion: upstairs


Innate Abilities, Weirdness & Mutations

You have a pair of horns on your head.
You possess an exceptional clarity of mind.
Potions cannot restore your health.


Message History

Unknown command.
Unknown command.
Casting: Fire Storm (dangerous; 1% risk of failure)
Confirm with . or Enter, or press ? or * to list all spells.
You blink.
The Hell Sentinel gestures at you. The iron shot hits you!!!
* * * LOW HITPOINT WARNING * * *
Press: ? - help, v - describe, . - travel
Here: a Hell Sentinel (severely wounded)
The floor, spattered with blood.
Unknown command.
Okay, then.
Unknown command.
Unknown command.
Press: ? - help, v - describe, . - travel
Here: a juggernaut zombie (moderately damaged)
The floor.
Unknown command.
Unknown command.
Casting: Blink (safe; 1% risk of failure)
Confirm with . or Enter, or press ? or * to list all spells.
Okay, then.
Unknown command.
Unknown command.
Casting: Blink (safe; 1% risk of failure)
Confirm with . or Enter, or press ? or * to list all spells.
Aiming: Fire Storm (dangerous; 1% risk of failure)
Press: ? - help, Dir - move target, f - Hell Sentinel
Aim: a Hell Sentinel (severely wounded)
A raging storm of fire appears!
The great blast of fire engulfs the Hell Sentinel!!
The Hell Sentinel partially resists.
The Hell Sentinel is almost dead.
The great blast of fire engulfs the orb spider!!!!
You kill the orb spider!
Sif Muna accepts your kill.
You hear a shout!
You hear a roar!
The juggernaut zombie hits you!!!
You die...

## # .... #
..#.#... #. #v#○.
##.. .# ##☼§##
##...# # .##○○☼.#
..#.# ..#.
#.#☼1.○##.#>.
#...#.#☼.☼##. .#
#...#..#. .
...#@Z##.....##
.##....##..#..#
#.....##.....#. .
#.#...#####.##...#
# #.#.##.... . #.#
######.##.#.# # #
.# ##.# ####.###
## ......#


You could see a Hell Sentinel, a juggernaut zombie and a friendly fire vortex.

Vanquished Creatures
  Dissolution (Slime:4)
  the Royal Jelly (Slime:5)
  2 ancient liches
  5 dread liches
  5 orbs of fire (Zot:5)
  Khufu (Tomb:1)
  Mara (Vaults:4)
  2 royal mummies (Tomb:1)
  Boris (twice) (Depths:4 Crypt:1)
  Parghit (Zot:3)
  4 Killer Klowns (Zot:5)
  Xtahua (Depths:3)
  2 curse toes
  Saint Roka (Elf:2)
  7 golden dragons
  the Enchantress (Depths:1)
  A bone dragon (Abyss:3)
  2 electric golems (Zot:5)
  Jorgrun (Orc:2)
  16 tentacled monstrosities
  11 Orb Guardians (Zot:5)
  3 deep elf blademasters
  A Hell Sentinel (Abyss:3)
  3 liches
  Asterion (Vaults:2)
  A deep elf master archer (Elf:3)
  2 walking frostbound tomes (Depths:3)
  2 titans (Vaults:5)
  A walking divine tome (Depths:3)
  2 quicksilver dragons (Zot:5)
  2 krakens
  20 acid blobs
  6 death cobs
  2 ancient champions
  17 sphinxes
  6 tengu reavers
  3 tentacled starspawn (Abyss:3)
  9 shadow dragons
  11 storm dragons
  7 revenants
  Donald (Snake:3)
  8 azure jellies
  10 draconian monks
  7 fire giants
  2 nagarajas
  13 rockslimes
  8 draconian knights
  The ghost of Shozle the Peltast, a journeyman MiFi of Trog (Shoals:1)
  9 frost giants
  An iron dragon (Depths:3)
  A ghost moth (shapeshifter) (Vaults:5)
  2 ghost moths (Zot:5)
  12 draconian shifters
  15 vault wardens
  7 deep elf sorcerers
  12 draconian scorchers
  Aizul (Vaults:1)
  An orc warlord (Vaults:3)
  A balrug (Depths:2)
  Louise (D:14)
  3 draconian stormcallers
  4 draconian annihilators
  2 curse skulls
  A cacodemon (Abyss:1)
  A caustic shrike skeleton (Depths:2)
  5 spriggan defenders
  8 war gargoyles
  8 green draconians
  18 ironbound preservers
  8 quicksilver oozes
  23 very ugly things
  4 deep elf elementalists (Elf:3)
  A juggernaut skeleton (Crypt:1)
  7 ironbound thunderhulks
  12 stone giants
  10 black draconians
  6 vampire knights
  2 deep elf demonologists (Elf:3)
  A dire elephant (shapeshifter) (Vaults:5)
  13 purple draconians
  2 entropy weavers
  10 deep elf annihilators
  18 white draconians
  8 red draconians
  14 yellow draconians
  The ghost of Shozle the Protected, a journeyman MiFi of Ru (Lair:3)
  An entropy weaver (shapeshifter) (Vaults:5)
  2 spark wasps (Depths:4)
  6 dire elephants (Vaults:4)
  2 eidola
  Snorg (D:10)
  14 ettins
  A crystal guardian (Vaults:4)
  7 deep elf death magi
  3 merfolk javelineers
  A quicksilver dragon zombie (Crypt:1)
  10 mummy priests (Tomb:1)
  Josephine (Orc:2)
  13 yaktaur captains
  8 merfolk impalers
  13 great orbs of eyes
  A spriggan zombie (Crypt:2)
  Erolcha (D:10)
  5 fire dragons
  39 vault guards
  Harold (Orc:1)
  A caustic shrike simulacrum (Depths:2)
  5 deep elf high priests
  2 rakshasas
  4 salamander tyrants
  2 boulder beetles
  8 ice dragons
  12 hydras
  2 jiangshi (Crypt:3)
  A peacekeeper (Vaults:4)
  9 spriggan air magi
  An ice dragon (shapeshifter) (Vaults:5)
  8 centaur warriors
  9 ironbound frosthearts
  7 ogre magi
  6 merfolk avatars
  16 anacondas
  2 alligator snapping turtles
  Erica (D:8)
  14 two-headed ogres
  A fenstrider witch skeleton (Crypt:1)
  5 merfolk aquamancers
  A jorogumo (shapeshifter) (Vaults:5)
  8 tengu warriors
  28 dancing weapons
  4 death yaks (Lair:4)
  10 death scarabs (Tomb:1)
  7 naga warriors
  10 shock serpents
  3 deep troll earth magi
  4 vampire magi
  A thrashing horror (Abyss:3)
  20 deep elf knights
  3 orc high priests
  12 hell knights
  3 spriggan berserkers
  7 naga sharpshooters
  A sun demon (Depths:2)
  Nergalle (D:11)
  Sonja (Lair:1)
  6 salamander mystics
  A sea snake (shapeshifter) (Depths:4)
  3 shadow wraiths
  A steelbarb worm (shapeshifter) (D:13)
  Lodul (D:10)
  An iron troll (Depths:2)
  2 golden dragon zombies (Depths:1)
  An iron troll (shapeshifter) (Depths:1)
  2 glowing orange brains
  3 skeletal warriors
  A death drake (shapeshifter) (D:15)
  A deep troll (shapeshifter) (Vaults:4)
  An orb spider (Abyss:3)
  4 naga ritualists
  11 large abominations
  41 deep trolls
  12 sea snakes
  A spark wasp zombie (Crypt:1)
  21 phantasmal warriors
  22 deep elf archers
  5 lindwurms
  A bog body (IceCv)
  10 flayed ghosts
  11 ironbound convokers
  11 wizards
  A lindwurm (shapeshifter) (D:14)
  14 orc knights
  2 anaconda skeletons
  41 deep elf pyromancers
  A bunyip skeleton (Crypt:2)
  4 mana vipers
  18 harpies
  A wolf spider (shapeshifter) (Elf:1)
  4 cyclopes
  12 fauns
  10 necromancers
  A frost giant zombie (D:15)
  58 ugly things
  33 deep elf zephyrmancers
  A sphinx zombie (Crypt:2)
  A will-o-the-wisp (Abyss:1)
  5 shining eyes
  9 orc sorcerers
  A shadow dragon skeleton (Crypt:1)
  16 manticores
  An apocalypse crab (Abyss:1)
  13 merfolk sirens
  17 moths of wrath
  A titan simulacrum (Depths:2)
  A dire elephant zombie (Crypt:1)
  16 salamanders
  A tengu skeleton (Crypt:2)
  Maurice (D:11)
  3 centaur zombies
  9 elephants
  3 naga zombies
  8 guardian serpents
  2 ice statues (IceCv)
  16 vault sentinels
  26 black mambas
  6 molten gargoyles
  2 elephants (shapeshifter)
  6 eyes of devastation
  8 smoke demons
  A fire giant skeleton (Depths:2)
  3 centaur skeletons
  5 water nymphs
  A naga skeleton (Crypt:1)
  11 naga magi
  4 gargoyles (Crypt:3)
  A white draconian zombie (Crypt:2)
  7 rime drakes
  An iron troll zombie (Crypt:1)
  A steelbarb worm zombie (Crypt:1)
  12 cane toads
  2 freezing wraiths
  A yaktaur (shapeshifter) (D:8)
  A kobold demonologist (D:13)
  7 unseen horrors (Depths:4)
  14 komodo dragons
  24 yaktaurs
  A hellion (Depths:2)
  A pale draconian skeleton (Crypt:2)
  3 tengu conjurers
  An anaconda simulacrum (IceCv)
  7 ice devils
  An ancient zyme (Abyss:1)
  6 guardian mummies (Tomb:1)
  3 red devils (Crypt:3)
  A harpy zombie (Crypt:3)
  3 polar bears
  A queen bee (shapeshifter) (D:13)
  5 trolls
  A wolf spider simulacrum (D:14)
  29 merfolk
  An unseen horror skeleton (Crypt:2)
  9 wind drakes
  A blink frog (shapeshifter) (Depths:3)
  2 hornets
  Prince Ribbit (D:5)
  A hydra skeleton (Crypt:3)
  2 harpy skeletons
  155 slime creatures
  17 blink frogs
  2 ettin zombies
  6 snapping turtles
  13 flying skulls
  5 spriggans
  7 shadows
  16 water elementals
  16 wraiths
  4 air elementals
  4 vampires (Crypt:3)
  6 wyverns
  3 ushabtiu (Tomb:1)
  Eustachio (D:6)
  2 ynoxinuls
  3 fire elementals
  39 yaks
  Grum (Bailey)
  A fire dragon skeleton (Crypt:1)
  2 dire elephant simulacra (IceCv)
  A nameless horror (Shoals:1)
  A neqoxec (Depths:2)
  A redback (shapeshifter) (D:14)
  11 basilisks
  A redback (Vaults:5)
  4 steam dragons
  4 vampire mosquitoes (D:12)
  Menkaure (D:6)
  30 nagas
  A death yak simulacrum (IceCv)
  3 harpy simulacra
  A hydra simulacrum (IceCv)
  3 chaos spawn
  2 human zombies (D:15)
  8 wargs
  A glowing shapeshifter zombie (Depths:1)
  14 water moccasins
  3 hell hounds (Lair:5)
  An ice beast (shapeshifter) (D:15)
  33 orc warriors
  A black bear (shapeshifter) (D:15)
  2 ice beasts
  A sky beast (D:7)
  18 ogres
  3 black bears
  A boggart (Vaults:1)
  23 wolves
  3 centaurs
  A swamp dragon skeleton (Crypt:3)
  3 small abominations (Depths:4)
  Blork the orc (D:5)
  A kobold brigand (D:11)
  A yaktaur zombie (Crypt:1)
  A fire crab zombie (Crypt:1)
  8 bullfrogs
  2 necrophages
  12 gnoll sergeants
  2 two-headed ogre simulacra (IceCv)
  5 earth elementals
  10 wights
  A raiju zombie (Crypt:2)
  A shapeshifter zombie (Crypt:2)
  17 killer bees
  2 spriggan skeletons
  6 electric eels
  4 howler monkeys
  5 lava snakes (Lair:5)
  9 hounds
  2 jellies
  A jelly (shapeshifter) (Vaults:5)
  19 orc priests
  9 gnoll boudas
  40 orc wizards
  5 hell rats (Lair:1)
  An ice beast zombie (Crypt:2)
  A deep dwarf skeleton (Crypt:1)
  15 mummies (Tomb:1)
  2 hound skeletons (Crypt:1)
  46 gnolls
  A gnoll (shapeshifter) (Vaults:5)
  8 adders
  A shadow imp (D:5)
  6 white imps
  A worm (D:2)
  4 dart slugs
  52 orcs
  5 bats
  4 endoplasms
  3 giant cockroaches
  8 goblins
  5 hobgoblins
  A quokka (D:2)
  6 ball pythons
  2 frilled lizards
  A hobgoblin skeleton (Crypt:1)
  12 kobolds
  6 rats
  A river rat zombie (Crypt:2)
  A ball lightning (Slime:3)
  4 bushes (Elf:2)
  12 fire vortices
  A plant (Zot:4)
  6 tentacles
2426 creatures vanquished.

Vanquished Creatures (collateral kills)
  A tentacled monstrosity (Vaults:5)
  An Orb Guardian (Zot:5)
  A titan (Vaults:5)
  A tengu reaver (Vaults:5)
  A storm dragon (Vaults:5)
  A shadow dragon (Vaults:5)
  A draconian monk (Zot:5)
  A draconian annihilator (Zot:4)
  2 black draconians (Zot:3)
  A starcursed mass (Abyss:1)
  3 yellow draconians
  2 purple draconians (Zot:3)
  A white draconian (Zot:4)
  A great orb of eyes (Slime:5)
  A vault guard (Vaults:5)
  A death yak (Lair:4)
  A phantasmal warrior (Vaults:5)
  A moth of wrath (Zot:4)
  A demonic crawler (Abyss:1)
  A tarantella (shapeshifter) (Vaults:5)
  A redback (Vaults:5)
  A wolf (Lair:1)
  A scorpion (Lair:1)
  81 ball lightnings
108 creatures vanquished.

Vanquished Creatures (others)
  A water elemental (Elf:1)
  An orc wizard (Orc:2)
  An orc (Elf:2)
  842 ball lightnings
  4 bushes (Lair:2)
  238 fire vortices
  6 fulminant prisms
  17 fungi
  167 plants
  6 tentacles
  59 withered plants
1342 creatures vanquished.

Grand Total: 3876 creatures vanquished

Notes
Turn   | Place    | Note
-------+----------+-------------------------------------------
     0 | D:1      | yarrgle the Deep Elf Air Elementalist began the quest for
                  | the Orb.
     0 | D:1      | Reached XP level 1. HP: 10/10 MP: 6/6
   139 | D:1      | Reached XP level 2. HP: 15/15 MP: 2/8
   966 | D:2      | Reached XP level 3. HP: 20/20 MP: 7/9
  1074 | D:2      | Learned a level 3 spell: Swiftness
  1383 | D:2      | Identified the +0 leather armour of the Butcher {Str+2
                  | Dex+4}
  1516 | D:2      | Found a faded altar of an unknown god.
  1787 | D:3      | Reached XP level 4. HP: 24/24 MP: 8/11
  2350 | D:3      | Reached skill level 1 in Fighting
  2640 | D:4      | Learned a level 4 spell: Airstrike
  3031 | D:4      | Noticed a steam dragon
  3036 | D:4      | Reached XP level 5. HP: 29/29 MP: 10/13
  3202 | D:4      | Found a snail-covered altar of Cheibriados.
  3202 | D:4      | Found a sparkling altar of Nemelex Xobeh.
  3280 | D:5      | Entered Level 5 of the Dungeon
  3323 | D:5      | Noticed Prince Ribbit
  3476 | D:5      | Noticed Duvessa
  3476 | D:5      | Noticed Dowan
  3650 | D:5      | Noticed Blork the orc
  3712 | D:5      | Noticed an ice beast
  3806 | D:5      | Reached skill level 5 in Spellcasting
  3806 | D:5      | Reached XP level 6. HP: 27/35 MP: 8/15
  4137 | D:5      | Killed Blork the orc
  4269 | D:6      | Reached skill level 5 in Air Magic
  4272 | D:6      | Reached XP level 7. HP: 34/40 MP: 13/17
  4278 | D:6      | Noticed Eustachio
  4278 | D:6      | Noticed Menkaure
  4288 | D:6      | Killed Menkaure
  4292 | D:6      | Killed Eustachio
  4417 | D:6      | Noticed Maggie
  4460 | D:5      | Reached XP level 8. HP: 45/45 MP: 7/20
  4619 | D:5      | Killed Prince Ribbit
  4833 | D:6      | Found a staircase to the Ecumenical Temple.
  4839 | Temple   | Entered the Ecumenical Temple
  4984 | Temple   | Became a worshipper of Sif Muna the Loreminder
  5147 | D:7      | Found a glowing golden altar of the Shining One.
  5483 | D:7      | Reached XP level 9. HP: 52/52 MP: 19/23
  5747 | D:7      | Reached * piety under Sif Muna
  5753 | D:7      | Reached skill level 5 in Conjurations
  6016 | D:8      | Reached skill level 10 in Spellcasting
  6097 | D:8      | Found a glowing silver altar of Zin.
  6373 | D:8      | Noticed Erica
  6376 | D:8      | Killed Erica
  6663 | D:8      | Noticed a yaktaur
  6773 | D:9      | Learned a level 2 spell: Blink
  6796 | D:9      | Noticed a two-headed ogre
  6801 | D:9      | Killed a two-headed ogre
  6802 | D:9      | Reached skill level 5 in Fighting
  6802 | D:9      | Reached XP level 10. HP: 59/59 MP: 9/27
  7114 | D:9      | Found Ruso Ythruu's Antique Weapon Shoppe.
  7395 | D:9      | Reached ** piety under Sif Muna
  7723 | D:9      | Found a shimmering altar of Xom.
  7915 | D:10     | Entered Level 10 of the Dungeon
  8036 | D:10     | Noticed Erolcha
  8047 | D:10     | Identified a scroll of acquirement
  8110 | D:10     | Noticed Lodul
  8429 | D:10     | Found a flagged portal.
  8449 | Bailey   | Entered a bailey
  8580 | Bailey   | Reached *** piety under Sif Muna
  8588 | Bailey   | Reached skill level 1 in Invocations
  8855 | Bailey   | Noticed Grum
  8897 | Bailey   | Killed Grum
  9060 | Bailey   | Identified the +4 short sword of the Reaper {vorpal, Will+
                  | MP+9 Int+5}
  9284 | D:11     | Noticed Nergalle
  9284 | D:11     | Noticed a manticore
  9527 | D:8      | Reached XP level 11. HP: 64/64 MP: 12/30
  9579 | D:10     | Noticed Snorg
  9739 | D:10     | Killed Lodul
 10082 | D:11     | Reached skill level 10 in Air Magic
 10319 | D:10     | Found a staircase to the Orcish Mines.
 10364 | D:10     | Learned a level 2 spell: Static Discharge
 10365 | Orc:1    | Entered Level 1 of the Orcish Mines
 10370 | Orc:1    | Reached **** piety under Sif Muna
 10513 | Orc:1    | Noticed Harold
 10703 | Orc:1    | Killed Harold
 10720 | Orc:2    | Entered Level 2 of the Orcish Mines
 10962 | Orc:2    | Noticed Josephine
 10965 | Orc:2    | Noticed a two-headed ogre
 10970 | Orc:2    | Killed Josephine
 10978 | Orc:2    | Found Hiug Bymp's Jewellery Shoppe.
 10978 | Orc:2    | Noticed an orc sorcerer
 10987 | Orc:2    | Killed an orc sorcerer
 11061 | Orc:2    | Noticed an orc sorcerer
 11069 | Orc:2    | Killed an orc sorcerer
 11074 | Orc:2    | Noticed an ogre mage
 11146 | Orc:2    | Noticed Jorgrun
 11146 | Orc:2    | Noticed an orc sorcerer
 11152 | Orc:2    | Found a staircase to the Elven Halls.
 11390 | D:11     | Noticed a two-headed ogre
 11399 | D:11     | Killed a two-headed ogre
 11429 | D:11     | Noticed a boulder beetle
 11450 | D:11     | Killed Nergalle
 11451 | D:11     | Reached skill level 15 in Spellcasting
 11499 | D:11     | Noticed Maurice
 11506 | D:11     | Killed Maurice
 11507 | D:11     | Reached XP level 12. HP: 50/71 MP: 15/33
 11760 | D:11     | Killed a boulder beetle
 11902 | D:11     | Found a staircase to the Lair.
 11996 | Lair:1   | Entered Level 1 of the Lair of Beasts
 12001 | Lair:1   | Reached skill level 5 in Invocations
 12300 | Lair:1   | Learned a level 4 spell: Summon Ice Beast
 12358 | Lair:1   | Noticed Sonja
 12362 | Lair:1   | Killed Sonja
 12371 | Lair:1   | Reached skill level 1 in Summonings
 12591 | Lair:1   | Reached ***** piety under Sif Muna
 12860 | Lair:1   | Noticed a seven-headed hydra
 12869 | Lair:1   | Killed a seven-headed hydra
 13243 | Lair:2   | Found a frozen archway.
 13307 | Lair:2   | Received a gift from Sif Muna
 13605 | Lair:2   | Reached skill level 5 in Dodging
 13727 | IceCv    | Entered an ice cave
 13838 | IceCv    | Learned a level 4 spell: Sticky Flame
 13841 | IceCv    | Acquired a staff of conjuration
 13867 | IceCv    | Learned a level 4 spell: Ice Form
 13894 | IceCv    | Reached XP level 13. HP: 76/76 MP: 33/35
 14638 | Lair:2   | Learned a level 5 spell: Freezing Cloud
 15076 | Lair:3   | Found a staircase to the Shoals.
 15278 | Lair:3   | Reached skill level 1 in Ice Magic
 15414 | Lair:3   | Found a staircase to the Snake Pit.
 15433 | Lair:3   | Reached skill level 10 in Conjurations
 15671 | Lair:3   | Found a runed translucent door.
 15672 | Lair:3   | Noticed Shozle's ghost (journeyman MiFi)
 15707 | Lair:3   | Killed Shozle's ghost
 16535 | Lair:4   | Found a viscous altar of Jiyva.
 16539 | Lair:4   | Found a staircase to the Slime Pits.
 16958 | Lair:4   | Reached XP level 14. HP: 62/84 MP: 13/37
 17527 | Lair:5   | Entered Level 5 of the Lair of Beasts
 18786 | Lair:5   | Received a gift from Sif Muna
 18787 | Lair:5   | Got Sif Muna's Dissertation on Excruciating Conduction {god
                  | gift}
 18860 | Lair:5   | Found a large runed translucent door.
 18988 | Lair:5   | Found a large runed translucent door.
 19466 | Lair:5   | Learned a level 4 spell: Flame Wave
 19473 | Lair:5   | Learned a level 6 spell: Conjure Ball Lightning
 19518 | Shoals:1 | Entered Level 1 of the Shoals
 20020 | Shoals:1 | Noticed Shozle's ghost (journeyman MiFi)
 20027 | Shoals:1 | Found a runed translucent door.
 20849 | Shoals:1 | Learned a level 4 spell: Iskenderun's Mystic Blast
 20856 | Shoals:1 | Learned a level 6 spell: Starburst
 21021 | Shoals:2 | Reached skill level 1 in Fire Magic
 21021 | Shoals:2 | Reached XP level 15. HP: 89/89 MP: 27/40
 21649 | Shoals:1 | Killed Shozle's ghost
 21741 | Lair:3   | Learned a level 4 spell: Olgreb's Toxic Radiance
 21745 | Lair:3   | Learned a level 3 spell: Ignite Poison
 21815 | Shoals:2 | Received a gift from Sif Muna
 21816 | Shoals:2 | Got Sif Muna's Atlas of Necromancy and the Wind {god gift}
 22082 | Shoals:2 | Reached skill level 1 in Poison Magic
 22631 | Shoals:2 | Learned a level 5 spell: Lightning Bolt
 22645 | Shoals:3 | Noticed a kraken
 23085 | D:10     | Killed Erolcha
 23148 | D:10     | Killed Snorg
 23900 | Orc:2    | Killed Jorgrun
 23997 | Orc:2    | Found Coqyazull's Antique Armour Emporium.
 24025 | Orc:2    | Found an ancient bone altar of Kikubaaqudgha.
 24068 | Orc:2    | Found Icabus Iryh's Antique Armour Emporium.
 24125 | Orc:2    | Found a radiant altar of Vehumet.
 24198 | Orc:2    | Bought a runed robe for 85 gold pieces
 24198 | Orc:2    | Bought an embroidered cloak for 172 gold pieces
 24234 | Orc:2    | Bought a ring of poison resistance for 360 gold pieces
 24531 | Snake:1  | Entered Level 1 of the Snake Pit
 25784 | Snake:2  | Noticed a nagaraja
 25787 | Snake:2  | Killed a nagaraja
 25788 | Snake:2  | Reached XP level 16. HP: 89/96 MP: 29/42
 26484 | Snake:3  | Reached skill level 10 in Dodging
 26566 | Snake:3  | Received a gift from Sif Muna
 26734 | Snake:3  | Noticed Donald
 26739 | Snake:3  | Killed Donald
 26746 | Snake:3  | Reached skill level 10 in Invocations
 26859 | Snake:3  | Identified the +9 rapier of the Genius {protect, *Corrode
                  | rC+ Will++ Str+4}
 27129 | Snake:3  | Reached skill level 5 in Fire Magic
 27142 | Snake:3  | Found Zaeharab's Jewellery Boutique.
 27143 | Snake:3  | Found Eciwaabi's Armour Boutique.
 27143 | Snake:3  | Found Dippid's Magic Scroll Shop.
 27148 | Snake:3  | Found Ochaski's Distillery.
 27157 | Snake:3  | Bought a scroll of blinking for 105 gold pieces
 27157 | Snake:3  | Bought a scroll of immolation for 56 gold pieces
 27157 | Snake:3  | Bought a scroll of identify for 28 gold pieces
 27157 | Snake:3  | Bought a scroll of identify for 28 gold pieces
 27157 | Snake:3  | Bought 3 scrolls of teleportation for 126 gold pieces
 27157 | Snake:3  | Bought a scroll of identify for 28 gold pieces
 27160 | Snake:3  | Bought the amulet of Lelina {RegenMP rElec rF+} for 867
                  | gold pieces
 27250 | Snake:3  | Reached skill level 15 in Air Magic
 27504 | Snake:3  | Noticed Bai Suzhen
 27534 | Snake:4  | Entered Level 4 of the Snake Pit
 28893 | Snake:4  | Received a gift from Sif Muna
 28894 | Snake:4  | Got Sif Muna's Codex of the Jaunt and Striking {god gift}
 29510 | Snake:4  | Reached skill level 10 in Fighting
 29983 | Snake:4  | Reached XP level 17. HP: 102/102 MP: 28/44
 30754 | Snake:4  | Got a serpentine rune of Zot
 31346 | Shoals:4 | Entered Level 4 of the Shoals
 31564 | Shoals:4 | Noticed a kraken
 31856 | D:11     | Received a gift from Sif Muna
 31857 | D:11     | Got Sif Muna's Tractate on the Harmful Inferno {god gift}
 32024 | D:11     | Found a portal to a secret trove of treasure.
 32663 | D:12     | You fall into a shaft and drop 1 floor!
 33317 | D:13     | Found a runed translucent door.
 33322 | D:13     | Found a runed translucent door.
 33383 | D:13     | Received a gift from Sif Muna
 33418 | D:13     | Found a gate to the Vaults.
 33440 | D:13     | Learned a level 6 spell: Starburst
 33943 | D:13     | Found a runed translucent door.
 34081 | D:14     | Noticed Louise
 34134 | Vaults:1 | Entered Level 1 of the Vaults
 34873 | Vaults:1 | Noticed Aizul
 34876 | Vaults:1 | Killed Aizul
 34997 | Vaults:1 | Reached XP level 18. HP: 83/108 MP: 36/46
 36418 | Vaults:2 | Received a gift from Sif Muna
 36520 | Vaults:2 | Noticed Zenata
 36571 | Vaults:2 | Noticed Asterion
 36596 | Vaults:2 | Killed Asterion
 36683 | D:13     | Learned a level 3 spell: Stone Arrow
 36828 | Elf:1    | Entered Level 1 of the Elven Halls
 38318 | Elf:2    | Found Helu's Assorted Antiques.
 38322 | Elf:1    | Received a gift from Sif Muna
 38330 | Elf:1    | Got Sif Muna's Incunabulum of the Legion and Silt {god
                  | gift}
 38376 | Elf:1    | Learned a level 6 spell: Iron Shot
 38530 | Elf:2    | Noticed Saint Roka
 38535 | Elf:2    | Paralysed by an air elemental for 1 turns
 38554 | Elf:2    | Killed Saint Roka
 38847 | Elf:2    | Reached ****** piety under Sif Muna
 39768 | Shoals:4 | Identified the +3 ring mail of Hepliaklqana's Favour {rF-
                  | rN+ SInv}
 39772 | Shoals:4 | Reached XP level 19. HP: 56/115 MP: 7/48
 40919 | Shoals:4 | Got a barnacled rune of Zot
 41178 | D:14     | Killed Louise
 41877 | D:15     | Entered Level 15 of the Dungeon
 41887 | D:15     | Received a gift from Sif Muna
 41892 | D:15     | Got Sif Muna's Handbook of Assembled Conjuration {god gift}
 42279 | D:15     | Found a staircase to the Depths.
 42314 | D:15     | Reached skill level 15 in Conjurations
 42579 | Depths:1 | Entered Level 1 of the Depths
 42580 | Depths:1 | Noticed the Enchantress
 42804 | Vaults:2 | Reached skill level 10 in Fire Magic
 42838 | Vaults:2 | Noticed Mennas
 43292 | Snake:3  | Bought a potion of haste for 110 gold pieces
 43292 | Snake:3  | Bought a potion of curing for 33 gold pieces
 43620 | Depths:1 | Killed the Enchantress
 43956 | Depths:1 | Noticed a caustic shrike
 43956 | Depths:1 | Noticed an iron giant
 43956 | Depths:1 | a caustic shrike changed into an iron giant
 43959 | Depths:1 | Noticed a golden dragon
 43959 | Depths:1 | an iron giant changed into a golden dragon
 43962 | Depths:1 | Noticed an iron giant
 43962 | Depths:1 | a golden dragon changed into an iron giant
 44329 | Depths:1 | Found Fueto's General Store.
 44337 | Depths:1 | Bought a potion of heal wounds for 105 gold pieces
 44337 | Depths:1 | Found Dicwa's Book Boutique.
 44350 | Depths:1 | Reached skill level 1 in Earth Magic
 44495 | Depths:1 | Found a gateway to Hell.
 44952 | Depths:2 | Reached XP level 20. HP: 42/121 MP: 27/50
 45051 | Depths:2 | Found a one-way gateway to a ziggurat.
 45780 | Depths:2 | Received a gift from Sif Muna
 45781 | Depths:2 | Got Sif Muna's Quarto of Flames {god gift}
 45800 | Depths:2 | Found a one-way gate leading to the halls of Pandemonium.
 45861 | Depths:2 | Found a one-way gate to the infinite horrors of the Abyss.
 45888 | Depths:2 | Found a white marble altar of Elyvilon.
 46457 | Depths:3 | Found a blossoming altar of Fedhas.
 46954 | Depths:3 | Noticed Xtahua
 47092 | Depths:3 | Killed Xtahua
 47639 | Depths:3 | Identified the +3 leather armour "Hyniagust" {Str+4}
 47640 | Depths:3 | Identified the +7 long sword of the Pyrrhic Victory {flame,
                  | Drain rF+++ rCorr Int-3}
 48023 | Depths:3 | Found an opulent altar of Gozag.
 48256 | Depths:4 | Entered Level 4 of the Depths
 48957 | Depths:4 | Noticed Boris
 49621 | Elf:2    | Reached skill level 15 in Dodging
 49685 | Elf:2    | Identified the -2 helmet of Wonder {rF+ Str+3}
 49877 | Elf:2    | Found a runed translucent gate.
 49877 | Elf:2    | Found a runed translucent gate.
 49877 | Elf:2    | Found a runed translucent gate.
 49914 | Elf:2    | Reached XP level 21. HP: 128/128 MP: 33/52
 50050 | Elf:2    | Received a gift from Sif Muna
 50051 | Elf:2    | Got Sif Muna's Tome of Violent Hoarfrost {god gift}
 50058 | Elf:2    | Learned a level 5 spell: Fireball
 50698 | Elf:3    | Entered Level 3 of the Elven Halls
 51352 | Elf:3    | Identified the +0 robe of Incorporation {rPois Regen+ Int+8
                  | Dex-2}
 52481 | Elf:3    | Identified the +7 halberd "Zyibagoq" {venom, SInv}
 52737 | Elf:3    | Identified the +4 whip of the Invisible Xalams {vorpal,
                  | rElec rC+ Int+5}
 52860 | Elf:3    | Identified the +0 pair of boots of Tomorrow {Dex+5}
 52900 | Elf:3    | Identified the +3 sling "Xoeschuff" {venom, rCorr Str+3}
 52996 | Elf:3    | Identified the +5 ring mail of the Constellations {Dex+5}
 53351 | Slime:1  | Entered Level 1 of the Pits of Slime
 53572 | Slime:3  | Received a gift from Sif Muna
 53711 | Slime:3  | Got Nauwn's Folio of Captivating Apparitions {god gift}
 53845 | Slime:4  | Noticed Dissolution
 53860 | Slime:4  | Killed Dissolution
 54167 | Slime:3  | Gained mutation: Your magical capacity is low. (-10% MP) [a
                  | shining eye]
 54181 | Slime:4  | Lost mutation: Your magical capacity is low. (-10% MP)
                  | [potion of mutation]
 54181 | Slime:4  | Gained mutation: You are frail. (-10% HP) [potion of
                  | mutation]
 54181 | Slime:4  | Gained mutation: Your natural rate of healing is unusually
                  | fast. [potion of mutation]
 54181 | Slime:4  | Gained mutation: You have sharp toenails. [potion of
                  | mutation]
 54182 | Slime:4  | Lost mutation: You have sharp toenails. [potion of
                  | mutation]
 54182 | Slime:4  | Lost mutation: Your natural rate of healing is unusually
                  | fast. [potion of mutation]
 54182 | Slime:4  | Lost mutation: You are frail. (-10% HP) [potion of
                  | mutation]
 54182 | Slime:4  | Gained mutation: You have sharp toenails. [potion of
                  | mutation]
 54458 | Slime:2  | Received a gift from Sif Muna
 54459 | Slime:2  | Reached XP level 22. HP: 134/134 MP: 32/54
 54461 | Slime:2  | Got Sif Muna's Handbook of the Salvo {god gift}
 54468 | Slime:2  | Learned a level 5 spell: Iskenderun's Battlesphere
 54994 | Slime:1  | Reached skill level 5 in Stealth
 56867 | Depths:4 | Found a gate to the Realm of Zot.
 57219 | Depths:4 | Killed Boris
 57792 | Slime:5  | Entered Level 5 of the Pits of Slime
 57814 | Slime:5  | Received a gift from Sif Muna
 57823 | Slime:5  | Noticed the Royal Jelly
 57897 | Slime:5  | Gained mutation: You do not regenerate when monsters are
                  | visible. [a shining eye]
 57918 | Slime:5  | Killed the Royal Jelly
 58638 | Slime:5  | Gained mutation: You occasionally lose the ability to read
                  | scrolls when taking damage. [a shining eye]
 58689 | Slime:5  | Found the +8 frozen axe "Frostbite" {freezing cloud, *Noise
                  | Fly rC+}
 58697 | Slime:5  | Got Fitagh's Quarto of Minerals and the Oath
 58699 | Slime:5  | Got a slimy rune of Zot
 58710 | Slime:5  | Identified the +9 great sword "Killer Klown's Peril"
                  | {flame, rC+}
 58711 | Slime:5  | Identified the +7 great mace of Dismemberment {drain,
                  | Fragile rPois rN+ Dex+2}
 58776 | Slime:5  | Found the +3 greatsling "Punk" {acid, rCorr}
 58827 | Slime:5  | Identified the ring "Hussoh" {rC+ Int+5 Dex+4 Stlth+}
 58864 | Slime:5  | Got Sif Muna's Catalogue of Telluric Graupel {god gift}
 59337 | D:13     | Lost mutation: You have sharp toenails. [potion of
                  | mutation]
 59337 | D:13     | Lost mutation: You do not regenerate when monsters are
                  | visible. [potion of mutation]
 59337 | D:13     | Gained mutation: You are clumsy. (Dex -2) [potion of
                  | mutation]
 59337 | D:13     | Gained mutation: You expend magic power (3 MP) to
                  | strengthen your wands. [potion of mutation]
 59338 | D:13     | Lost mutation: You expend magic power (3 MP) to strengthen
                  | your wands. [potion of mutation]
 59338 | D:13     | Lost mutation: You are clumsy. (Dex -2) [potion of
                  | mutation]
 59338 | D:13     | Lost mutation: You occasionally lose the ability to read
                  | scrolls when taking damage. [potion of mutation]
 59338 | D:13     | Gained mutation: You have hidden genetic defects. [potion
                  | of mutation]
 59338 | D:13     | Gained mutation: Your spells are a little easier to cast,
                  | but a little less powerful. [potion of mutation]
 59339 | D:13     | Lost mutation: You have hidden genetic defects. [potion of
                  | mutation]
 59339 | D:13     | Lost mutation: Your spells are a little easier to cast, but
                  | a little less powerful. [potion of mutation]
 59339 | D:13     | Gained mutation: You possess an exceptional clarity of
                  | mind. [potion of mutation]
 59339 | D:13     | Gained mutation: You have a pair of small horns on your
                  | head. [potion of mutation]
 59339 | D:13     | Gained mutation: You have a pair of horns on your head.
                  | [potion of mutation]
 59831 | Zot:1    | Entered Level 1 of the Realm of Zot
 60002 | Zot:1    | Reached skill level 27 in Spellcasting
 60203 | Zot:1    | Noticed a curse toe
 60927 | Vaults:3 | Found Perec's Antique Weapon Emporium.
 61463 | Vaults:3 | Reached XP level 23. HP: 140/140 MP: 39/56
 62747 | Vaults:4 | Found a transporter.
 62747 | Vaults:4 | Noticed HilariousDeathArtist's ghost (adept CeWn)
 62747 | Vaults:4 | Noticed an ancient lich
 62804 | Vaults:4 | Noticed Mara
 62807 | Vaults:4 | Killed Mara
 63077 | Vaults:4 | Identified the +9 morningstar of Meyhu Ixo {vorpal, rElec
                  | rC+}
 63205 | Vaults:4 | Received a gift from Sif Muna
 63209 | Vaults:4 | Got Sif Muna's Enchiridion on Harmful Combustion {god gift}
 63218 | Vaults:4 | Learned a level 7 spell: Orb of Destruction
 63525 | Vaults:4 | Found Lajog's Jewellery Shoppe.
 63803 | Vaults:4 | Reached skill level 15 in Fire Magic
 64057 | Vaults:4 | Found a transporter.
 64064 | Vaults:4 | Identified the amulet "Huxtirph" {Faith Fragile rCorr
                  | Int+6}
 64934 | Vaults:2 | Received a gift from Sif Muna
 64935 | Vaults:2 | Got Sif Muna's Almanac of Assistive Embers {god gift}
 65016 | Vaults:2 | Found a staircase to the Crypt.
 65019 | Crypt:1  | Entered Level 1 of the Crypt
 65078 | Crypt:1  | Noticed Boris
 65337 | Crypt:1  | Learned a level 4 spell: Fulminant Prism
 65362 | Crypt:1  | Identified the +8 chain mail of the Camelopard {Stlth+}
 65496 | Crypt:1  | Killed Boris
 67172 | Crypt:3  | Entered Level 3 of the Crypt
 67771 | Crypt:3  | Reached XP level 24. HP: 145/145 MP: 46/56
 68241 | Crypt:3  | Found an ancient bone altar of Kikubaaqudgha.
 68243 | Crypt:3  | Noticed a dread lich
 68252 | Crypt:3  | Killed a dread lich
 68253 | Crypt:3  | Received a gift from Sif Muna
 68343 | Crypt:3  | Noticed a dread lich
 68347 | Crypt:3  | Killed a dread lich
 68405 | Crypt:3  | Identified the ring of Exomm {rN+ Will++ Dex+3}
 68759 | Crypt:3  | Found a staircase to the Tomb.
 69126 | Crypt:3  | Identified the +8 glaive of Corruption {chaos, Str+5}
 69127 | Crypt:3  | Identified the +12 dagger "Wunn" {venom, rPois Str+4}
 69356 | Tomb:1   | Entered Level 1 of the Tomb of the Ancients
 69785 | Tomb:1   | Noticed Khufu
 69856 | Tomb:1   | Killed Khufu
 69936 | Tomb:1   | Identified the +1 ring mail of Lies {Harm}
 70250 | Tomb:1   | Received a gift from Sif Muna
 70274 | Tomb:1   | Noticed a royal mummy
 70278 | Tomb:1   | Killed a royal mummy
 70648 | Tomb:1   | Noticed a royal mummy
 70657 | Tomb:1   | Killed a royal mummy
 70985 | Crypt:3  | Learned a level 9 spell: Fire Storm
 72135 | Zot:1    | Received a gift from Sif Muna
 72370 | Zot:2    | Identified the ring of Yseoxzud {rPois Str+4 Int+4 Dex+6}
 73323 | Zot:3    | Reached skill level 1 in Hexes
 73424 | Zot:3    | Noticed Parghit
 73460 | Zot:3    | Killed Parghit
 73771 | Zot:3    | Reached XP level 25. HP: 150/150 MP: 34/56
 74596 | Zot:3    | Received a gift from Sif Muna
 76906 | Vaults:5 | Entered Level 5 of the Vaults
 76908 | Vaults:5 | Noticed an ancient lich
 76909 | Vaults:5 | Received a gift from Sif Muna
 76913 | Vaults:5 | Killed an ancient lich
 76958 | Vaults:5 | Reached XP level 26. HP: 84/156 MP: 5/56
 76992 | Vaults:5 | Received a gift from Sif Muna
 77210 | Vaults:5 | Identified the +1 robe "Suwk" {+Inv Archmagi}
 77393 | Vaults:5 | Got a silver rune of Zot
 77891 | Vaults:5 | Learned a level 1 spell: Apportation
 77944 | Vaults:5 | Identified the +9 longbow of the Big Bang {flame, Dex+3
                  | SInv}
 78187 | Vaults:5 | Noticed a dread lich
 78190 | Vaults:5 | Killed a dread lich
 78369 | Vaults:5 | Found the +12 pair of quick blades "Gyre" and "Gimble"
                  | {protect}
 79077 | Zot:5    | Entered Level 5 of the Realm of Zot
 79249 | Zot:5    | Identified the +11 rapier "Ohokiatots" {vorpal, Str+2}
 79417 | Zot:5    | Received a gift from Sif Muna
 79492 | Zot:5    | Noticed an ancient lich
 79495 | Zot:5    | Killed an ancient lich
 79546 | Zot:5    | Noticed a dread lich
 79549 | Zot:5    | Killed a dread lich
 79600 | Zot:5    | Noticed a dread lich
 79603 | Zot:5    | Killed a dread lich
 79703 | Zot:5    | Noticed an orb of fire
 79712 | Zot:5    | Killed an orb of fire
 79904 | Zot:5    | Noticed an orb of fire
 79907 | Zot:5    | Noticed an orb of fire
 79912 | Zot:5    | Killed an orb of fire
 79912 | Zot:5    | Gained mutation: Potions are less effective at restoring
                  | your health. [an orb of fire]
 79919 | Zot:5    | Killed an orb of fire
 80464 | Zot:5    | Noticed an orb of fire
 80465 | Zot:5    | Gained mutation: Potions cannot restore your health. [an
                  | orb of fire]
 80473 | Zot:5    | Noticed an orb of fire
 80482 | Zot:5    | Killed an orb of fire
 80536 | Zot:5    | Killed an orb of fire
 80745 | Depths:3 | Voluntarily entered the Abyss.
 80758 | Abyss:1  | Found a corrupted altar of Lugonu.
 81074 | Abyss:3  | Reached skill level 27 in Conjurations
 81132 | Abyss:3  | Reached XP level 27. HP: 162/162 MP: 39/56
 81266 | Abyss:3  | Slain by a juggernaut zombie

Illustrated notes

Levels and vault maps discovered:
D:1:      tarquinn_simple_flora_water_c, layout_basic
D:2:      layout_loops_ring, shapermc_ecumenical_altar_ellora
D:3:      layout_basic, minivault_27
D:4:      layout_loops_ring, gammafunk_temple_overflow_elements,
          grunt_ministairs_10
D:5:      layout_gridville, uniq_prince_ribbit1, uniq_blork_the_orc,
          uniq_duvessa
D:6:      black_bear_nest_2, layout_basic, grunt_dithmenos_smoke_and_mirrors,
          minmay_temple_entry_mini_moons, grunt_tough_drop, uniq_eustachio,
          uniq_grinder, uniq_menkaure, uniq_maggie, uniq_pikel, uniq_edmund
D:7:      layout_rooms, nicolae_tso_carved_into_rock, patterned_corridor
D:8:      layout_basic, mainiacjoe_overflow_brackets, uniq_erica
D:9:      layout_cave_pools, kennysheep_mini, serial_gnoll_camp,
          gnoll_camp_mini_shop, gnoll_camp_mini_house, gnoll_camp_mini_house,
          gnoll_camp_medium_02
D:10:     layout_roguey, minmay_orc_entry_guard_dogs, enter_bailey_7,
          roderic_lattice_a, minmay_fire_ice_demons, uniq_snorg, uniq_erolcha,
          uniq_lodul
D:11:     layout_irregular_city, david_lair_generic, enter_trove_1,
          uniq_nergalle, uniq_grum, uniq_maurice
D:12:     layout_basic
D:13:     layout_cave_pods, lightli_vaults_fourway_checkpoint, mikee_hates_you
D:14:     layout_gridville, chequers_garden, uniq_louise
D:15:     gammafunk_depths_entry_grave, layout_cross, serial_park_tiny_pond,
          hellmonk_guarded_unrand_dark_maul
Temple:   nicolae_temple_slightly_damp_pantheon
Lair:1:   layout_roguey, serial_bayou_shore_b, uniq_sonja
Lair:2:   layout_long_grid, portal_ice_cave_entry_pillars_1, grunt_megastairs_1
Lair:3:   layout_hall_layers, minmay_shoals_entry_beasts,
          minmay_snake_entry_guardpost_medium, gammafunk_ghost_grave,
          serial_bayou_shore_a, lemuel_fruit_tree
Lair:4:   layout_roguey, minmay_slime_entry_pillars, st_stairs_5,
          beast_lair_carwin_8, grunt_megastairs_5
Lair:5:   cheibrodos_lair_end_hotspot, layout_gridlike
Shoals:1: layout_shoals, hellmonk_ghost_happy_afterlife
Shoals:2: layout_shoals, nicolae_shoals_drake_roost
Shoals:3: layout_shoals
Shoals:4: shoals_end_hangedman, layout_shoals, nicolae_shoals_circle_sea_wall
Snake:1:  layout_onion, grunt_ministairs_10
Snake:2:  layout_basic, serial_bayou_lagoon_b
Snake:3:  layout_chambers, st_stairs_11, minmay_shoptagon, grunt_megastairs_2,
          uniq_bai_suzhen, uniq_donald
Snake:4:  snake_pit_salamanders_mu, layout_gridlike, nrook_loot_triangle
Slime:1:  layout_caves
Slime:2:  layout_caves
Slime:3:  layout_caves
Slime:4:  layout_caves, uniq_dissolution
Slime:5
Orc:1:    layout_caves, uniq_harold
Orc:2:    kennysheep_orc_mage_school, layout_caves, uniq_josephine, uniq_jorgrun
Elf:1:    layout_rooms, minivault_28, minivault_8, lemuel_upstairs_altar
Elf:2:    nicolae_elf_blades_splatter_lattice [nicolae_blade_bullseye],
          layout_geoelf_octagon, serial_shops, nicolae_shop_stone,
          amcnicky_mini_corridor_feature, uniq_saint_roka
Elf:3:    minmay_elf_hall_spiked, layout_loops_cross
Vaults:1: v_misc_29, v_misc_19, nicolae_vaults_specimen_jars,
          nicolae_vaults_network_periphery, nicolae_vaults_little_ls,
          st_spiral_rooms, hangedman_vaults_snaps, ontoclasm_vaults_shuriken,
          layout_vaults_omnigrid, uniq_aizul
Vaults:2: v_pattern_2, nicolae_vaults_asterisk, minmay_crypt_entry_simple_box,
          nicolae_vaults_triangles, nicolae_vaults_ring_of_whatevers,
          nicolae_vaults_circle_grid_b, grunt_vaults_swirl,
          nicolae_vaults_ring_of_whatevers, vaults_room_hallway,
          ontoclasm_vaults_fault, v_alt_pattern_1, v_misc_1,
          layout_vaults_omnicross, serial_shops, bzr_entry_islet, uniq_margery,
          uniq_asterion, uniq_zenata, uniq_mennas
Vaults:3: vaults_dpeg_ring, v_misc_13, v_alt_pattern_2, special_room_vaults
          [special_room_orc], vaults_dpeg_encased_lava, nicolae_vaults_alarming,
          v_misc_10, v_misc_25, v_misc_31, v_pattern_5,
          nicolae_vaults_little_squares_4, vaults_room_door_ring,
          layout_vaults_ring, serial_shops, nicolae_shop_window_shopping
Vaults:4: gammafunk_ghost_mausoleum, v_rooms_4, hangedman_vaults_unwind,
          v_misc_29, v_misc_3, nicolae_vaults_asterisk,
          nicolae_vaults_little_squares_5, v_misc_28, vaults_room_boxed,
          ontoclasm_vaults_gateway, grunt_vaults_hallway_short,
          nicolae_vaults_circle_grid_a, nicolae_vaults_ring_of_whatevers,
          layout_vaults_maze, serial_shops, nicolae_shop_trees, uniq_mara
Vaults:5: serial_shops
Crypt:1:  layout_misc_corridors, minicrypt_bobbens
Crypt:2:  layout_misc_corridors, nicolae_crypt_ancient_font
Crypt:3:  quadcrypt_mu
Tomb:1:   uniq_khufu
Depths:1: layout_long_grid, minmay_misc_feat_alley, hell_entry,
          minmay_fractal_squares_diagonal_5, minmay_shop_star, uniq_enchantress
Depths:2: cheibrodos_birdhouse, layout_gridville, enter_ziggurat_d,
          lightli_too_deep, abyss_entry_glasseish, nicolae_elyvilon_temple_path,
          rand_demon_pan_entry_8
Depths:3: minmay_the_grid_octo_2x2 [minmay_the_grid_octo_thin_diamonds,
          minmay_the_grid_octo_77, minmay_the_grid_octo_checkerflower,
          minmay_the_grid_octo_prize_star], layout_gridville, hell_entry,
          abyss_entry, grunt_gozag_statues, fedhas_altar_1, uniq_xtahua
Depths:4: evilmike_zot_entry_basic, layout_gridville,
          minmay_misc_feat_diagonals, pf_hell_entry_tar_spiral,
          minmay_room_of_horrors, rand_demon_pan_entry_4, uniq_boris
Zot:1:    lemuel_draconian_sentries_small, layout_basic
Zot:2:    layout_basic, grunt_ministairs_4
Zot:3:    layout_basic, uniq_josephina, uniq_parghit
Zot:4:    layout_gridlike
Zot:5:    layout_misc_corridors, guppyfry_library_mini
Abyss:3:  base: D:2, hangedman_stitches_earthworm,
          grunt_abyss_exit_deep_breaths, base:
D:2

Skill      XL: |  1  2  3  4  5  6  7  8  9 10 11 12 13 14 15 16 17 18 19 20 21 22 23 24 25 26 |
---------------+-------------------------------------------------------------------------------+-----
Fighting       | 1 2 3 5 6 7 8 9 10 11 12 13 | 13.9
Spellcasting   | 4 5 6 8 11 13 15 16 17 19 20 21 22 23 24 25 26 27 | 27.0
Conjurations   | 2 3 4 6 7 8 9 10 11 12 13 14 15 16 17 19 21 24 25 27 | 27.0
Air Magic      | 4 5 6 7 8 9 10 11 12 13 14 15 16 17 18 19 | 19.0
Dodging        | 3 5 6 8 9 11 12 13 14 15 16 17 | 17.3
Stealth        | 3 4 5 6 |  6.2
Invocations    | 2 4 6 7 8 9 10 11 12 13 14 | 14.4
Summonings     | 1 |  1.9
Ice Magic      | 1 2 |  2.5
Fire Magic     | 1 4 6 7 9 10 11 12 13 16 18 22 24 | 24.5
Poison Magic   | 3 |  3.0
Earth Magic    | 1 2 |  2.6
Hexes          | 1 |  1.0
Translocations | |  0.2
Transmutations | |  0.2
Evocations     | |  0.3

Action                   |  1- 3 |  4- 6 |  7- 9 | 10-12 | 13-15 | 16-18 | 19-21 | 22-24 | 25-27 || total
-------------------------+-------+-------+-------+-------+-------+-------+-------+-------+-------++-------
Melee: Staff             |       |       |     5 |     1 |     1 |    12 |     6 |     3 |       ||    28
       Short sword       |       |       |     1 |       |       |       |       |       |       ||     1
       Headbutt          |       |       |       |       |       |       |       |     1 |       ||     1
 Cast: Shock             |    87 |   103 |    90 |   162 |    10 |     2 |       |       |       ||   454
       Swiftness         |       |     3 |     2 |    17 |    18 |    33 |    51 |    24 |     4 ||   152
       Airstrike         |       |     3 |    63 |   422 |   438 |   365 |   389 |   231 |    90 ||  2001
       Summon Ice Beast  |       |       |       |     6 |     7 |     2 |     2 |     1 |       ||    18
       Sticky Flame      |       |       |       |     3 |     1 |       |       |       |       ||     4
       Blink             |       |       |       |     2 |     2 |     4 |       |     2 |     5 ||    15
       Ice Form          |       |       |       |     1 |     5 |       |       |       |       ||     6
       Freezing Cloud    |       |       |       |       |    89 |    84 |    38 |     9 |       ||   220
       Conjure Ball Ligh |       |       |       |       |    70 |   118 |   168 |    70 |       ||   426
       Iskenderun's Myst |       |       |       |       |     7 |    73 |   139 |    98 |    15 ||   332
       Lightning Bolt    |       |       |       |       |     3 |    29 |     5 |     5 |     1 ||    43
       Olgreb's Toxic Ra |       |       |       |       |     1 |    38 |    45 |    17 |       ||   101
       Ignite Poison     |       |       |       |       |     1 |    20 |    16 |     7 |       ||    44
       Flame Wave        |       |       |       |       |     1 |       |     1 |       |       ||     2
       Starburst         |       |       |       |       |       |    19 |    22 |    36 |     3 ||    80
       Stone Arrow       |       |       |       |       |       |    24 |     1 |     1 |     1 ||    27
       Iron Shot         |       |       |       |       |       |     2 |    39 |   248 |    42 ||   331
       Chain Lightning   |       |       |       |       |       |     2 |     2 |       |       ||     4
       Fireball          |       |       |       |       |       |       |   100 |   223 |    10 ||   333
       Fire Storm        |       |       |       |       |       |       |     1 |    13 |   215 ||   229
       Iskenderun's Batt |       |       |       |       |       |       |       |    11 |     2 ||    13
       Orb of Destructio |       |       |       |       |       |       |       |   137 |    31 ||   168
       Fulminant Prism   |       |       |       |       |       |       |       |     6 |       ||     6
       Polar Vortex      |       |       |       |       |       |       |       |       |     1 ||     1
Invok: Channel Magic     |       |       |       |    10 |     2 |     8 |    13 |     7 |    11 ||    51
       Divine Exegesis   |       |       |       |       |       |     2 |     3 |     2 |     1 ||     8
Evoke: Wand              |       |       |       |     2 |     2 |       |     3 |     4 |     1 ||    12
       Phantom mirror    |       |       |       |       |       |       |     1 |     1 |       ||     2
  Use: Scroll            |       |       |     2 |    17 |    10 |     8 |     4 |    13 |       ||    54
       Potion            |       |       |       |    11 |     5 |     6 |     7 |     8 |     8 ||    45
Armor: Robe              |       |     5 |     1 |     8 |     4 |     9 |       |       |       ||    27
       Leather armour    |       |     1 |       |       |       |       |       |       |       ||     1
       Skin              |       |       |       |       |     3 |       |       |       |       ||     3
       Troll leather arm |       |       |       |       |     8 |    18 |     8 |       |       ||    34
       Acid dragon scale |       |       |       |       |       |       |    12 |    29 |    11 ||    52
Dodge: Dodged            |    11 |    25 |    21 |   107 |    63 |   134 |   129 |   113 |    37 ||   640
Block: Buckler           |       |       |       |       |     8 |    17 |    17 |    29 |     6 ||    77
